 Dungeon Crawl Stone Soup version 0.30-a0-883-g5ad918d77d (webtiles) character file.

Game seed: 5716176066723404336

206 Pimp the Sneak (level 5, -4/31 HPs)
             Began as an Octopode Fire Elementalist on Mar 17, 2023.
             Shot with an arrow by a centaur (8 damage)
             ... on level 4 of the Dungeon.
             The game lasted 00:06:05 (2861 turns).

Pimp the Sneak (Octopode Fire Elementalist)         Turns: 2861, Time: 00:06:06

Health: -4/31      AC:  1    Str:  7    XL:     5   Next: 84%
Magic:  9/9        EV: 14    Int: 17    God:
Gold:   146        SH:  0    Dex: 15    Spells: 3/9 levels left

rFire   . . .      SeeInvis .    e - +1 dagger (drain)
rCold   . . .      Faith    .    (no shield)
rNeg    . . .      Spirit   .    (helmet restricted)
rPois   .          Reflect  .    (no amulet)
rElec   .          Rampage  .    (no ring)
rCorr   .                        (no ring)
Will    .....                    (no ring)
Stlth   ++++                     (no ring)
HPRegen 0.25/turn                (no ring)
MPRegen 0.11/turn                (no ring)
                                 (no ring)
                                 (no ring)

@: no status effects
A: almost no armour, amphibious, 8 rings, camouflage 1, gelatinous body 1,
(nimble swimmer 1), tentacles
a: no special abilities


You were on level 4 of the Dungeon.
You visited 1 branch of the dungeon, and saw 4 of its levels.

You collected 146 gold pieces.

Inventory:

Hand Weapons
 e - a +1 dagger of draining (weapon)
Missiles
 g - 2 boomerangs
 i - 2 throwing nets
 k - 10 poisoned darts
Scrolls
 c - a scroll of enchant armour
 d - a scroll of teleportation
 j - a scroll of poison
 m - a scroll of amnesia
Potions
 a - a potion of magic
 f - a potion of curing
 h - a potion of ambrosia
 l - a potion of cancellation
 n - a potion of degeneration


   Skills:
 + Level 3.1 Dodging
 + Level 4.4 Stealth
 + Level 2.9 Spellcasting
 + Level 2.4 Conjurations
 + Level 3.8 Fire Magic


You had 3 spell levels left.
You knew the following spells:

 Your Spells              Type           Power      Damage    Failure   Level
a - Foxfire               Conj/Fire      52%        2x1d6     4%          1
b - Scorch                Fire           30%        2d6       5%          2
c - Mephitic Cloud        Conj/Pois/Air  5%         N/A       36%         3

Your spell library contained the following spells:

 Spells                   Type           Power      Damage    Failure   Level
 Magic Dart               Conj           40%        1d5       6%          1
 Slow                     Hex            8%         N/A       19%         1
 Inner Flame              Hex/Fire       9%         N/A       24%         3
 Call Imp                 Summ           2%         N/A       26%         2
 Kindle Blastsparks       Fire/Tloc/Air  12%        2d11      30%         3
 Confusing Touch          Hex            2%         N/A       47%         3
 Vampiric Draining        Necr           2%         2d6       47%         3
 Vhi's Electric Charge    Tloc/Air       4%         N/A       47%         3
 Flame Wave               Conj/Fire      13%        2d6       43%         4
 Arcjolt                  Conj/Air       3%         1d13      96%         5
 Maxwell's Capacitive Co  Air            1%         ∞         100%        8


Dungeon Overview and Level Annotations

Branches:
Dungeon (4/15)
 Temple: D:4-7

Altars:

Shops:
D:2 :


Innate Abilities, Weirdness & Mutations

You cannot wear most types of armour.
You are amphibious.
You can wear up to eight rings at the same time.
Your skin changes colour to match your surroundings (Stealth+).
Your rubbery body absorbs attacks. (AC +1, EV +1)
((You are camouflaged when in or above water. (Stealth+)))
You have tentacles for arms and can constrict up to eight enemies at once.


Message History

Done exploring.
There is a large open door here.
You enter the shallow water.
There is an open door here.
There is a stone staircase leading down here.
You climb downwards.
Found 14 gold pieces and a book of Minor Magic.
There is a stone staircase leading up here.
The helpless giant cockroach fails to defend itself.
You puncture the giant cockroach!
You kill the giant cockroach!
The helpless kobold fails to defend itself.
You puncture the kobold!
You kill the kobold!
k - 10 poisoned darts (gained 6)
Things that are here:
a +0 short sword; a kobold corpse You now have 146 gold pieces (gained 14).
You pick up a book of Minor Magic and begin reading...
You add the spells Magic Dart, Call Imp and Mephitic Cloud to your library.
This spell is extremely dangerous to cast!
Memorise Mephitic Cloud, consuming 3 spell levels and leaving 3?
You start memorising the spell.
You continue memorising. x3
You finish memorising.
Spell assigned to 'c'.
A centaur comes into view.
Found a stone staircase leading down.
The centaur wields a +0 shortbow.
The centaur shoots an arrow.
The arrow misses you.
Casting: Foxfire (safe; 4% risk of failure)
Confirm with . or Enter, or press ? or * to list all spells.
You conjure some foxfire!
The centaur shoots an arrow.
The arrow hits you.
The centaur shoots an arrow.
The arrow hits you.
Your foxfire dissipates!
The centaur shoots an arrow.
The arrow hits you.
The centaur shoots an arrow.
The arrow barely misses you.
Things that are here:
a +0 short sword; a kobold corpse The centaur shoots an arrow.
The arrow hits you!
* * * LOW HITPOINT WARNING * * *
The centaur shoots an arrow.
The arrow hits you!
You die...

### ###.# ..##
##.#.######
..#.##.....##..#
.....#.........#
..............<#
#.........)@...#
#...........####
##..........#
##......#...##
........#....#
.#..####...###
#.. #.c..# #.
#....#
...........#


You could see a centaur.

Vanquished Creatures
  A phantom (D:3)
  Robin (D:2)
  4 adders
  A dart slug (D:2)
  4 orcs (D:3)
  5 bats
  5 endoplasms
  2 giant cockroaches
  13 goblins
  6 hobgoblins
  7 jackals (D:3)
  3 quokkas
  4 ball pythons
  6 frilled lizards
  4 kobolds
  10 rats
76 creatures vanquished.

Vanquished Creatures (others)
  28 foxfires
28 creatures vanquished.

Grand Total: 104 creatures vanquished

Notes
Turn   | Place    | Note
-------+----------+-------------------------------------------
     0 | D:1      | Pimp the Octopode Fire Elementalist began the quest for the
                  | Orb.
     0 | D:1      | Reached XP level 1. HP: 11/11 MP: 3/3
   315 | D:1      | Reached XP level 2. HP: 9/17 MP: 5/5
   409 | D:1      | Reached skill level 3 in Stealth
   867 | D:2      | Noticed Robin
   872 | D:2      | Killed Robin
   873 | D:2      | Reached XP level 3. HP: 14/21 MP: 6/6
  1099 | D:2      | Found Banedez's Book Boutique.
  1348 | D:2      | Reached XP level 4. HP: 27/27 MP: 7/7
  1435 | D:2      | Learned a level 2 spell: Scorch
  2129 | D:3      | Reached skill level 4 in Stealth
  2235 | D:3      | Noticed a phantom
  2259 | D:3      | Killed a phantom
  2260 | D:3      | Reached XP level 5. HP: 16/31 MP: 1/9
  2848 | D:4      | Learned a level 3 spell: Mephitic Cloud
  2852 | D:4      | Noticed a centaur
  2861 | D:4      | Shot with an arrow by a centaur

Illustrated notes

Levels and vault maps discovered:
D:1:      psy_arrival_basics, layout_basic, st_stairs_9
D:2:      layout_basic, serial_shops, nicolae_shop_behind_doors, uniq_robin
D:3:      layout_loops_ring, gup_sewer_entry_bowl, minmay_bisected
D:4:      layout_cave_pools

Skill      XL: |  1  2  3  4 |
---------------+-------------+-----
Stealth        | 3 4 |  4.4
Conjurations   | 2 |  2.4
Dodging        | 3 |  3.1
Spellcasting   | |  2.9
Fire Magic     | |  3.8

Action                     |  1- 3 |  4- 6 || total
---------------------------+-------+-------++-------
  Melee: Unarmed           |    12 |       ||    12
         Tentacles         |    10 |    10 ||    20
         Dagger            |    44 |    82 ||   126
         Constrict         |    13 |    15 ||    28
         Punch             |       |     1 ||     1
   Cast: Foxfire           |     7 |    14 ||    21
    Use: Scroll            |     6 |     6 ||    12
         Potion            |     1 |     2 ||     3
   Stab: Sleeping          |     6 |    13 ||    19
 Armour: Skin              |     2 |     5 ||     7
  Dodge: Dodged            |    36 |    54 ||    90

Table legend: (Time is in decaauts)
 A = Elapsed time spent in this place.
 B = Non-inter-level travel time spent in this place.
 C = Inter-level travel time spent in this place.
 D = Time resting spent in this place.
 E = Time spent auto-exploring this place.
 F = Levels seen in this place.
 G = Mean time per level.
                   A        B        C        D        E       F      G
               +--------+--------+--------+--------+--------+-----+--------+
         Total |   2859 |   2691 |    168 |    212 |   1869 |   4 |  714.8 |
       Dungeon |   2859 |   2691 |    168 |    212 |   1869 |   4 |  714.8 |
               +--------+--------+--------+--------+--------+-----+--------+

Top non-repeatable levels by time:
     D:2: 1078 daAuts
     D:3: 883 daAuts
     D:1: 866 daAuts
     D:4: 30 daAuts
